Cogmind - Beta 16 @@@ ROGUE MODE // 2025.10.23 @ 22:54:39 Player: Zaros426 Result: Destroyed by S-27 Virus with Autogun Performance ------------- Evolutions (5) 2500 Regions Visited (13) 2600 Robots Destroyed (194) 970 Value Destroyed (7561) 7561 Prototype IDs (62) 1240 Alien Tech Used (0) 0 Bonus (4723) 4723 TOTAL SCORE: 19594 Bonus ------- High Alert Combat Kills 1096 Follower Combat Kills 2222 Network Hubs Disabled 400 Registered with UFD 300 Met Optimus in HQ 500 Built Enhanced Grunts 300 A7 Reached Mainframe 300 Met R17 at Cetus 500 Friendly Fire -895 Cogmind --------- Core Integrity 0/1000 Matter 155/300 Energy 83/100 System Corruption 25% Temperature Cool (0) Movement Hovering (70) Location -5/Factory Parts ------- > --- POWER (2) -------- (None) > --- PROPULSION (5) --- Armored Huge Wheel Gravmag Array > --- UTILITY (8) ------ Improved Target Analyzer Hacking Suite Improved Hacking Suite Improved Hacking Suite Advanced System Shield > --- WEAPON (2) ------- Enhanced Quantum Rifle > --- INVENTORY (5) ---- Advanced Terrain Scan Processor Experimental EM Shield Peak State ------------ > --- POWER ------------ Meta Core > --- PROPULSION ------- Armored Leg Armored Leg Myomer Leg Myomer Leg Myomer Leg Myomer Leg > --- UTILITY ---------- High-capacity Storage Unit Advanced Melee Analysis Suite Core Analyzer Centrium Medium Armor Plating Centrium Medium Armor Plating Centrium Medium Armor Plating Hacking Suite Hacking Suite > --- WEAPON ----------- Advanced KE Penetrator Advanced KE Penetrator > --- INVENTORY -------- Quantum Reactor Myomer Leg Energy Well Matter Compressor Deep Structural Scanner Experimental Sensor Array Experimental Terrain Scanner Seismic Detector ECM Suite ECM Suite Dynamic Insulation System Drone Bay Advanced Variable Charge Gun Advanced KE Penetrator Long-range Missile Launcher Improved Datajack CPS Tube Multitool DRS Beacon Botcube [Rating: 120] Favorites ----------- Power Meta Core Engine Subdweller Power Source Power Core Meta Core Reactor Fusion Reactor Propulsion Armored Wheel Treads Light Treads Leg Armored Leg Wheel Armored Wheel Hover Unit Gravmag Array Utility Improved Hacking Suite Device Seismic Detector Storage High-capacity Storage Unit Processor System Guard Hackware Improved Hacking Suite Protection Centrium Medium Armor Plating Weapon Phasing Sabre Energy Gun Riot Gun Energy Cannon Subdweller Beam Cannon Ballistic Gun Advanced KE Penetrator Ballistic Cannon Light Cannon Launcher Long-range Missile Launcher Special Weapon CPS Tube Impact Weapon Shock Maul Slashing Weapon Phasing Sabre Special Melee Weapon Datajack Build | -11 -10 -10 -10 -8 -8 -6 -6 -6 -6 -6 -5 -5 -5 ------- Run | Yrd Mat Min Sub Rec Scr Fac Ext Cet Arc Hub Fac Was Fac Slots Evolved 10 | . . . . . . 8 . . . . 2 . . Power 1 | . . . . . . . . . . . 1 . . Propulsion 3 | . . . . . . 3 . . . . . . . Utility 6 | . . . . . . 5 . . . . 1 . . Weapon . | . . . . . . . . . . . . . . Parts Attached 203 | 4 10 3 20 3 8 35 24 11 7 23 28 7 20 Power 13 | . 1 1 2 . 1 . . . 1 2 4 1 . Engine 6 | . 1 1 2 . . . . . . . 2 . . Core 1 | . . . . . 1 . . . . . . . . Reactor 6 | . . . . . . . . . 1 2 2 1 . Propulsion 56 | 2 . . 5 . 2 16 9 2 2 5 6 1 6 Treads 12 | 2 . . . . 2 4 1 . . . 1 1 1 Leg 30 | . . . . . . 11 6 2 2 5 4 . . Wheel 10 | . . . 5 . . 1 2 . . . 1 . 1 Hover 4 | . . . . . . . . . . . . . 4 Flight . | . . . . . . . . . . . . . . Utility 76 | . 4 2 5 1 3 16 8 4 4 11 9 3 6 Device 21 | . 1 2 2 1 1 2 1 1 1 5 3 1 . Storage 7 | . 2 . 1 . 1 1 . . . 1 . . 1 Processor 8 | . . . . . 1 3 1 . . 2 . . 1 Hackware 9 | . . . . . . 1 2 . 3 1 . . 2 Protection 31 | . 1 . 2 . . 9 4 3 . 2 6 2 2 Artifact . | . . . . . . . . . . . . . . Weapon 58 | 2 5 . 8 2 2 3 7 5 . 5 9 2 8 Energy Gun 8 | 1 . . 2 . . . . 1 . . 3 1 . Energy Cannon 6 | . . . 2 . . 1 . . . 1 . . 2 Ballistic Gun 17 | 1 . . 3 . . 1 . 4 . 3 1 . 4 Ballistic Cannon 8 | . 3 . . . . . . . . . 3 1 1 Launcher 3 | . 1 . . . . . 2 . . . . . . Special Weapon 4 | . . . . 1 1 1 . . . . 1 . . Impact Weapon 2 | . 1 . . . . . . . . 1 . . . Slashing Weapon 8 | . . . 1 . 1 . 5 . . . . . 1 Piercing Weapon . | . . . . . . . . . . . . . . Special Melee Weapon 2 | . . . . 1 . . . . . . 1 . . Unidentified Prototypes 24 | . . 1 . . . 1 . 3 2 9 6 . 2 Parts Lost 58 | . . . 2 . . 4 10 1 1 6 22 . 12 Power 9 | . . . 1 . . . . . 1 . 5 . 2 Propulsion 17 | . . . . . . 1 3 . . 2 7 . 4 Utility 18 | . . . 1 . . 1 3 . . 1 9 . 3 Weapon 14 | . . . . . . 2 4 1 . 3 1 . 3 Highest Loss Streak 11 | . . . 1 . . 2 5 1 1 2 5 . 11 To Critical Strikes . | . . . . . . . . . . . . . . Average Backups 16 | . 8 13 8 23 23 18 17 17 17 17 14 3 13 Power . | . . . . 1 . . . . . . . . . Propulsion 1 | . . 2 . 4 3 1 . 1 1 . . . 3 Utility 8 | . 4 6 2 8 11 11 11 10 10 10 7 . 5 Weapon 3 | . 3 4 3 7 5 1 2 2 3 3 3 1 2 Tool/Special . | . . . . . . . . . . . . . . Unused Backups 86 | . 1 . 9 2 27 18 3 1 1 5 7 1 11 Power 8 | . . . 1 . 4 3 . . . . . . . Propulsion 16 | . . . . . 4 4 1 . . 2 2 . 3 Utility 29 | . . . 2 . 12 8 1 . . 2 1 . 3 Weapon 29 | . 1 . 6 2 6 3 . 1 . 1 4 1 4 Tool/Special 4 | . . . . . 1 . 1 . 1 . . . 1 Average Slot Usage (%) 82 | . 96 100 83 100 67 76 88 97 99 96 84 73 69 Engine 5 | . 11 14 11 14 5 . . . . . 1 . . Core 2 | . . . . . 4 5 5 5 . . . . . Reactor 1 | . . . . . . . . . 4 6 4 8 10 Treads 7 | . 28 28 21 . . 1 . . . . . 2 9 Leg 10 | . . . . . . 19 27 34 33 32 24 17 5 Wheel 8 | . . . 6 28 23 3 . . . . . . . Device 5 | . 6 6 1 14 6 5 2 . . 2 8 15 1 Storage 8 | . 13 14 5 14 11 5 5 5 5 6 4 . 4 Processor 3 | . . . . . 1 9 16 11 4 2 2 . . Hackware 4 | . . . . . . 4 4 11 14 23 16 11 13 Protection 6 | . 7 7 8 . . 9 10 13 19 9 7 3 8 Energy Gun 2 | . 6 . 5 13 . 2 . 2 . . 1 4 . Energy Cannon 1 | . . . 7 . . . . . . . . . 1 Ballistic Gun 2 | . . . 6 . . 1 . 7 12 10 . . 4 Ballistic Cannon 2 | . 19 22 1 . . . . . . . 1 . . Impact Weapon 1 | . . . 3 . . . . . . . 3 4 2 Slashing Weapon 4 | . . . 3 14 6 3 9 1 . . . . . Special Melee Weapon 1 | . . . . . 5 . . . . . . . . Peak Build Rating 120 | 4 8 16 21 21 38 84 109 120 116 113 118 119 119 Average Rating 48 | 3 7 8 14 20 22 66 91 110 103 100 87 105 102 On Entrance 56 | . 4 8 9 21 19 36 83 105 116 107 104 56 118 Avg Prop Armor Cover (%) 8 | 31 25 . 14 . 39 3 14 . . 3 6 6 1 Naked Turns . | . . . . . . . . . . . . . . Heaviest Build 206 | 3 34 34 97 93 206 116 80 80 93 95 103 89 141 Greatest Support 140 | 3 40 40 40 24 24 110 132 132 122 132 128 70 140 Greatest Overweight (x) 9 | . 1 . 9 3 8 4 7 . . 1 5 1 1 Average Overweight (x) 1 | . . . 1 3 4 . . . . . . . . Largest Inventory Capacity 35 | 5 15 15 25 25 35 25 20 20 20 20 20 5 20 Average Capacity 19 | 5 14 15 12 25 28 21 20 20 20 20 19 5 17 Most Carried 35 | 2 13 15 25 25 35 25 20 20 20 20 20 5 20 Average Carried 17 | . 8 14 9 24 25 20 19 19 19 19 15 4 14 Final Capacity 25 | 5 15 15 25 25 25 20 20 20 20 20 5 5 5 Final Carried 25 | 2 13 15 25 25 25 20 20 20 20 18 5 4 2 Class Distribution -------------------- 49% | Mutant 18% | Scavenger-Mutant 9% | Hauler-Mutant 5% | Subdweller-Mutant 5% | Hacker-Mutant 4% | Commander-Gladiator 3% | Gladiator Dominant Class ---------------- Mutant | -10/Materials Mutant | -10/Mines Mutant | -10/Subcaves Mutant | -8/Recycling Mutant | -8/Scraptown Mutant | -6/Factory Commander-Gladiator | -6/Extension Commander-Mutant | -6/Cetus Scavenger-Mutant | -6/Archives Scavenger-Mutant | -6/Hub_04(d) Scavenger-Mutant | -5/Factory Scavenger-Mutant | -5/Waste Scavenger-Mutant | -5/Factory Resources | -11 -10 -10 -10 -8 -8 -6 -6 -6 -6 -6 -5 -5 -5 ----------- Run | Yrd Mat Min Sub Rec Scr Fac Ext Cet Arc Hub Fac Was Fac Matter Collected 6260 | 243 520 143 460 20 126 739 719 191 535 896 510 364 794 Remotely . | . . . . . . . . . . . . . . Salvage Created 9922 | 72 606 39 326 221 . 1902 2298 108 496 817 1890 128 1019 Parts 414 | 7 32 5 26 9 . 66 84 7 35 47 41 1 54 Haulers Intercepted 10 | . 2 . . . . 2 . . . 2 4 . . Recyclers Shooed 5 | . 1 . . . . . 1 . . . 1 . 2 Parts Field Recycled . | . . . . . . . . . . . . . . Retrieved Matter . | . . . . . . . . . . . . . . Parts Self-Destructed 12 | . . . 12 . . . . . . . . . . Prevented . | . . . . . . . . . . . . . . Parts Restored . | . . . . . . . . . . . . . . Kills | -11 -10 -10 -10 -8 -8 -6 -6 -6 -6 -6 -5 -5 -5 ------- Run | Yrd Mat Min Sub Rec Scr Fac Ext Cet Arc Hub Fac Was Fac Combat Hostiles Destroyed 122 | . 16 3 5 2 . 18 26 1 3 7 27 . 14 Melee 38 | . . . . 2 . 12 19 . . . 5 . . Guns 29 | . . . 2 . . 3 1 1 3 6 3 . 10 Cannons 16 | . 4 . 2 . . . . . . 1 5 . 4 AOE 24 | . 12 3 . . . 2 6 . . . 1 . . Classes Destroyed 22 | 2 6 . 3 1 . 3 2 . . 2 2 . 1 Worker 9 | . 2 1 . . . 1 . . . 1 4 . . Builder 3 | . 1 . . . . . 1 . . 1 . . . Tunneler 3 | 1 1 . . . . 1 . . . . . . . Hauler 10 | . 2 . . . . 2 . . . 2 4 . . Recycler 21 | 1 3 . . 2 . 6 7 . . . . . 2 Mechanic 2 | . . . . . . . . . . . 2 . . Operator 12 | . . . . . . . 2 . 9 . 1 . . Watcher 9 | . 2 . . . . . 3 1 . 3 . . . Swarmer 17 | . 6 3 . . . 1 4 . . . . . 3 Grunt 53 | . 10 . . . . 9 13 . . 1 17 . 3 Brawler 1 | . . . . . . . . . . . 1 . . Duelist 1 | . . . . . . 1 . . . . . . . Sentry 17 | . . . . 2 . 3 6 . 3 1 2 . . Demolisher 2 | . . . . . . 2 . . . . . . . Specialist 2 | . . . . . . . . . . 1 . . 1 Hunter 3 | . . . . . . . . . . 1 . . 2 Programmer 13 | . . . . . . 2 . . . . 7 . 4 Heavy 1 | . . . . . . . . . . . . . 1 Behemoth 2 | . . . . . . . 2 . . . . . . Cetus Guard 1 | . . . . . . . . 1 . . . . . Lightning 3 | . . . . . . . . . . 3 . . . Artisan 1 | . . . 1 . . . . . . . . . . Cobbler 1 | . . . 1 . . . . . . . . . . Subdweller 5 | . . . 5 . . . . . . . . . . Thug 2 | . . . . . . . 1 . . 1 . . . Martyr 2 | . . . . . . . . . . . . 2 . Best Kill Streak 6 | 2 5 3 2 4 . 5 6 1 3 3 5 . 3 Combat Bots Only 6 | . 4 3 2 2 . 4 6 1 3 3 3 . 3 Max Kills in Single Turn 3 | 1 3 3 1 1 . 1 3 1 1 2 2 1 2 Gunslinging 1 | . . . . . . . . . . . . . 1 Exploded 3 | . 3 3 . . . 1 3 . . . 1 . . Melee 1 | . . . . 1 . 1 1 . . . 1 . . Uniques/NPCs Destroyed . | . . . . . . . . . . . . . . Combat | -11 -10 -10 -10 -8 -8 -6 -6 -6 -6 -6 -5 -5 -5 -------- Run | Yrd Mat Min Sub Rec Scr Fac Ext Cet Arc Hub Fac Was Fac Hostile Shots Fired 1461 | . 28 8 34 6 . 105 326 20 18 195 402 . 319 Missed 434 | . 10 2 10 . . 25 109 10 6 53 143 . 66 Hits 1027 | . 18 6 24 6 . 80 217 10 12 142 259 . 253 Melee 4 | . . . . . . 3 . . . . 1 . . Projectile 1023 | . 18 6 24 6 . 77 217 10 12 142 258 . 253 AOE 7 | . . . . . . 5 . . . . 2 . . Critical Strikes 50 | . 1 . . . . 3 8 3 . 12 14 . 9 Part Disruptions 12 | . . . . . . . . . . 6 1 . 5 Actively Blocked 1 | . . . . . . . . . . 1 . . . Damage Taken 18459 | . 189 48 703 88 . 1449 2918 179 300 3712 5029 15 3829 Core 1983 | . 30 7 118 42 . 90 246 . . 441 557 . 452 Absorbed by Shields 415 | . . . . . . . 317 98 . . . . . Reduced by Siege Mode 5 | . . . . . . . . . . . . . 5 Ignored by Resistances 2203 | . . . . . . 67 176 5 . . 458 . 1497 Regen/Repaired (Parts) 992 | . . . . . . . 11 . . . 774 188 19 Core Remaining (%) 43 | 100 . . . . 21 . . . . 8 . . . Volleys Fired 386 | 3 63 3 47 . . 21 20 12 55 58 31 . 73 Largest 2 | 2 2 2 2 . . 2 1 2 2 2 2 . 2 Hottest 150 | 70 80 60 110 . . 100 43 70 70 70 150 . 136 Shots Fired 672 | 6 102 5 87 1 . 38 20 24 110 110 51 . 118 Gun 476 | 6 23 . 52 1 . 38 6 24 110 103 28 . 85 Cannon 161 | . 63 4 35 . . . . . . 3 23 . 33 Launcher 33 | . 16 1 . . . . 14 . . 2 . . . Special 2 | . . . . . . . . . . 2 . . . Kinetic 488 | 3 63 4 44 . . 1 6 24 110 103 25 . 105 Thermal 90 | 3 23 . 35 . . . . . . . 22 . 7 Explosive 31 | . 16 1 . . . . 12 . . 2 . . . Electromagnetic 61 | . . . 8 1 . 37 2 . . 3 4 . 6 Robot Hit Streak 16 | 3 12 6 16 . . 10 4 10 9 14 7 . 7 Robot Miss Streak 6 | 1 5 . 1 . . 5 3 2 6 2 6 . 3 Penetration Max 1 | . . . . . . . . 1 1 1 . . 1 Secondary Targets 7 | . . . . . . . . . . 1 2 . 4 Max Gunslinging Chain 1 | . . . . . . . . . . 1 1 . 1 Shots Hit Robots 602 | 5 59 3 52 8 3 70 89 18 59 61 96 4 75 Core Hits 291 | 4 36 4 12 3 . 40 63 7 25 23 46 . 28 Critical Kills 16 | . . . . . . . . 1 3 5 2 . 5 Critical Parts Destroyed 38 | . . . 2 . . . . 2 9 6 13 2 4 Critical Strikes 77 | . 6 . 2 . . 4 7 3 12 13 18 2 10 Burn 1 | . 1 . . . . . . . . . . . . Destroy 36 | . . . . . . . . 3 12 11 . . 10 Blast 7 | . 5 . . . . . . . . . 2 . . Corrupt 3 | . . . . . . . . . . 2 1 . . Smash 19 | . . . 2 . . . . . . . 15 2 . Sever 11 | . . . . . . 4 7 . . . . . . Melee Attacks 338 | . 3 2 55 19 3 50 114 . . 1 82 5 4 Impact 144 | . 3 2 49 . . . . . . 1 82 5 2 Slashing 180 | . . . 6 19 . 50 103 . . . . . 2 Piercing . | . . . . . . . . . . . . . . Sneak Attacks 53 | . 1 . 3 3 3 11 19 . . . 8 4 1 Combat Hostiles 1 | . . . . . . 1 . . . . . . . Follow-up Attacks 9 | . . . . . . . 9 . . . . . . Damage Inflicted 24011 | 48 1855 178 1387 407 . 3038 5060 429 1729 1833 5309 314 2424 Guns 7366 | 48 138 . 494 . . 537 96 429 1729 1485 527 . 1883 Cannons 2502 | . 656 51 507 . . . . . . 136 681 . 471 Explosions 3548 | . 1012 127 . . . 364 1459 . . 212 374 . . Melee 10595 | . 49 . 386 407 . 2137 3505 . . . 3727 314 70 Ramming . | . . . . . . . . . . . . . . Kinetic 7484 | 23 656 51 494 . . . 96 429 1729 1485 574 . 1947 Thermal 1651 | 25 138 . 507 . . 364 . . . . 410 . 207 Explosive 2886 | . 1012 127 . . . . 1373 . . . 374 . . Electromagnetic 1395 | . . . . . . 537 86 . . 348 224 . 200 Impact 4249 | . 49 . 159 . . . . . . . 3727 314 . Slashing 6346 | . . . 227 407 . 2137 3505 . . . . . 70 Piercing . | . . . . . . . . . . . . . . Highest Corruption 37 | . . 2 2 2 . . 1 1 . 37 8 20 25 Average Corruption 6 | . . 2 2 2 . . 1 1 . 12 5 17 21 Corruption Purged 4 | . . . . . . . 3 1 . . . . . Corruption Blocked . | . . . . . . . . . . . . . . Effects 194 | . . 9 44 10 . . . 1 . 21 24 20 65 Message Errors 49 | . . 2 8 1 . . . 1 . 9 6 7 15 Matter Fused 36 | . . 1 5 2 . . . . . 4 1 7 16 Heat Flow Errors 31 | . . 2 9 4 . . . . . . 9 . 7 Energy Discharges 30 | . . 2 8 1 . . . . . 2 4 2 11 Parts Rejected 2 | . . . . . . . . . . . . . 2 Parts Fused 5 | . . . 2 . . . . . . 1 1 . 1 Data Loss (minor) 15 | . . . 5 1 . . . . . 2 1 3 3 Data Loss (major) 9 | . . 1 3 . . . . . . 2 1 1 1 Misfires 6 | . . . 3 1 . . . . . 1 . . 1 Alerts 4 | . . 1 . . . . . . . . 1 . 2 Misdirections 2 | . . . . . . . . . . . . . 2 Weapon Failures 5 | . . . 1 . . . . . . . . . 4 Overload Shots . | . . . . . . . . . . . . . . Overflow Damage 2097 | . 15 . 40 78 . 220 293 . . 14 1301 136 . Projectiles . | . . . . . . . . . . . . . . Explosions 100 | . 6 . . . . 16 62 . . 14 2 . . Melee 1997 | . 9 . 40 78 . 204 231 . . . 1299 136 . Knockbacks 48 | . 14 . 2 . . . . . . . 27 5 . Impact 29 | . . . 2 . . . . . . . 23 4 . Kinetic 16 | . 14 . . . . . . . . . 2 . . Secondary 3 | . . . . . . . . . . . 2 1 . Self-Inflicted Damage 283 | . . . . . . 55 40 . . 188 . . . Shots 5 | . . . . . . 1 2 . . 2 . . . Rammed . | . . . . . . . . . . . . . . Targets Rammed . | . . . . . . . . . . . . . . Kicked . | . . . . . . . . . . . . . . Crushed . | . . . . . . . . . . . . . . Highest Temperature 479 | 20 128 150 238 213 . 228 402 35 18 40 446 4 479 Average Temperature 95 | 15 27 59 107 102 . 71 114 16 5 20 124 2 160 Received Heat Transfer 4111 | . 84 . 42 27 . 366 1482 9 45 78 1537 . 441 Effects 14 | . . . . . . . 1 . . . 4 . 9 Shutdowns 4 | . . . . . . . . . . . 2 . 2 Energy Bleed 5 | . . . . . . . . . . . 1 . 4 Matter Decay 3 | . . . . . . . 1 . . . 1 . 1 Short Circuit 1 | . . . . . . . . . . . . . 1 Damage (minor) 1 | . . . . . . . . . . . . . 1 Siege Activations 1 | . . . . . . . . . . . . . 1 Total Turns 58 | . . . . . . . . . . . . . 58 Longest Duration 58 | . . . . . . . . . . . . . 58 Martial Activations . | . . . . . . . . . . . . . . Shielding Activations . | . . . . . . . . . . . . . . Robots Disrupted . | . . . . . . . . . . . . . . Combat Hostiles . | . . . . . . . . . . . . . . Robots Corrupted 22 | . 1 . 1 . . 2 . . . . 16 2 . Combat Hostiles 14 | . . . 1 . . 1 . . . . 12 . . Parts Fried 25 | . . . . . . . 2 . . 1 17 2 3 Impact Corruptions 49 | . 1 . 2 . . . . . . . 44 2 . Robots Melted 1 | . 1 . . . . . . . . . . . . Combat Hostiles . | . . . . . . . . . . . . . . Parts Melted 4 | . . . . . . . 2 . . . 2 . . Heat Transferred 2149 | 74 481 . 666 . . 350 . . . . 356 . 222 Parts Sabotaged . | . . . . . . . . . . . . . . Parts Stolen . | . . . . . . . . . . . . . . Parts Stripped . | . . . . . . . . . . . . . . Power Chain Reactions 4 | . . . . . . 4 . . . . . . . Alert | -11 -10 -10 -10 -8 -8 -6 -6 -6 -6 -6 -5 -5 -5 ------- Run | Yrd Mat Min Sub Rec Scr Fac Ext Cet Arc Hub Fac Was Fac Maximum Alert Level 4 | . 2 . . . . 1 4 3 2 4 3 1 1 Low Security (%) 48 | 100 60 100 . 100 . 14 53 . . 10 . 62 99 Level 1 19 | . 35 . . . . 85 14 . 3 5 . 37 . Level 2 17 | . 4 . . . . . 4 8 96 22 86 . . Level 3 9 | . . . . . . . 6 91 . 56 13 . . Level 4 4 | . . . . . . . 20 . . 4 . . . Level 5 . | . . . . . . . . . . . . . . High Security . | . . . . . . . . . . . . . . Max Security . | . . . . . . . . . . . . . . Peak Influence 1265 | 5 413 147 . 40 . 307 1265 932 523 1237 882 297 202 Initial 690 | . . 142 . . . . 135 690 352 154 597 297 62 Average 324 | 2 150 31 . 13 . 225 431 815 480 752 649 185 44 Influence Increases 8025 | 10 692 87 30 252 . 821 2015 362 348 1722 982 82 622 Destroy 0b10 Robot/C 3280 | . 320 60 . 40 . 460 920 160 80 420 540 . 280 Destroy 0b10 Robot/NC 365 | 10 55 5 . 10 . 55 65 10 45 45 55 . 10 Destroy Leader 660 | . 68 10 . . . 136 126 . . 152 98 . 70 Allied During Kill 1245 | . . . . . . 43 445 165 125 456 . . 11 Trap Triggered on 0b10 10 | . . . . . . 10 . . . . . . . Successful Hack 166 | . 15 . . 18 . 19 78 13 . 12 . . 11 Select Force Hacks 240 | . 60 . . 180 . . . . . . . . . Disable Machine 600 | . 30 . . . . 45 75 . 75 285 30 . 60 Destroy Structure 739 | . 54 12 . 4 . 8 126 14 23 262 64 82 90 Lose Combat Pursuer 720 | . 90 . 30 . . 45 180 . . 90 195 . 90 Influence Decreases 7829 | 10 326 453 30 252 . 543 1059 714 790 942 1353 842 515 Entered New Map 2929 | . . 224 . . . . 143 544 530 286 623 552 27 Time Decay 3820 | 10 326 229 30 252 . 443 656 160 230 416 510 230 328 Lost Part 560 | . . . . . . 40 100 10 10 60 220 . 120 Lost Ally 520 | . . . . . . 60 160 . 20 180 . 60 40 Squads Dispatched 44 | . 3 . . . . 11 9 . . 6 8 . 7 Investigation 18 | . 3 . . . . 7 4 . . . 2 . 2 Extermination 7 | . . . . . . 2 . . . 1 2 . 2 Reinforcement 12 | . . . . . . . 2 . . 5 2 . 3 Assault 4 | . . . . . . . 3 . . . 1 . . Garrison 3 | . . . . . . 2 . . . . 1 . . Intercept . | . . . . . . . . . . . . . . Searches Triggered . | . . . . . . . . . . . . . . Construction Impeded 1 | . . . . . . . . . . . . . 1 Haulers Reinforced 2 | . . . . . . . . . . 1 1 . . Active Scanning Responses . | . . . . . . . . . . . . . . Cargo Convoy Interrupts 1 | . . . . . . . . . . . 1 . . Stealth | -11 -10 -10 -10 -8 -8 -6 -6 -6 -6 -6 -5 -5 -5 --------- Run | Yrd Mat Min Sub Rec Scr Fac Ext Cet Arc Hub Fac Was Fac Distress Signals 16 | . 1 1 . . . 1 1 2 . 2 5 . 3 Communications Jammed . | . . . . . . . . . . . . . . Distress Signals . | . . . . . . . . . . . . . . Times Spotted 293 | . 27 3 13 2 . 29 58 9 38 32 51 3 28 Peak Tracking Total 13 | . 6 3 2 2 . 5 13 5 2 8 7 1 13 Tactical Retreats 40 | . 6 . 4 . . 2 9 . . 5 11 . 3 ECM-based Alert Blocks 2 | . . . . . . . . . . . 2 . . Traps | -11 -10 -10 -10 -8 -8 -6 -6 -6 -6 -6 -5 -5 -5 ------- Run | Yrd Mat Min Sub Rec Scr Fac Ext Cet Arc Hub Fac Was Fac Traps Triggered 9 | . . . 3 . . . 1 . . 1 4 . . Indirectly . | . . . . . . . . . . . . . . Trap Hack Attempts . | . . . . . . . . . . . . . . Triggered . | . . . . . . . . . . . . . . Disarmed . | . . . . . . . . . . . . . . Reprogrammed . | . . . . . . . . . . . . . . Reused 2 | . . . 1 . . 1 . . . . . . . Traps Extracted . | . . . . . . . . . . . . . . Installed 4 | . . . 3 . . 1 . . . . . . . Triggered 1 | . . . . . . 1 . . . . . . . Most Traps Carried 3 | . . . 3 . 1 1 . . . . . . . Machines | -11 -10 -10 -10 -8 -8 -6 -6 -6 -6 -6 -5 -5 -5 ---------- Run | Yrd Mat Min Sub Rec Scr Fac Ext Cet Arc Hub Fac Was Fac Machines Disabled 44 | . 2 . 1 . . 3 8 . 5 19 2 . 4 Max in Single Turn 8 | . 1 . 1 . . 1 1 . 1 8 2 . 1 Garrison Access 5 | . . . . . . 1 . . . 2 1 . 1 Network Hub 2 | . . . . . . . . . . 2 . . . Energy Cycler 1 | . . . . . . . 1 . . . . . . Machines Repaired . | . . . . . . . . . . . . . . Machines Dismantled . | . . . . . . . . . . . . . . Machines Sabotaged . | . . . . . . . . . . . . . . Overloaded Fab Kills . | . . . . . . . . . . . . . . Hacking | -11 -10 -10 -10 -8 -8 -6 -6 -6 -6 -6 -5 -5 -5 --------- Run | Yrd Mat Min Sub Rec Scr Fac Ext Cet Arc Hub Fac Was Fac Machines Accessed 78 | . 9 . 1 12 10 14 10 2 . 5 6 . 9 Terminals 35 | . 6 . . 6 . 4 9 2 . 3 1 . 4 Fabricators 5 | . . . . . . 2 . . . . . . 3 Repair Stations 4 | . 1 . . . . 1 1 . . . 1 . . Recycling Units 16 | . 2 . . 6 . 5 . . . . 2 . 1 Scanalyzers 2 | . . . . . . 1 . . . . 1 . . Garrison Access 5 | . . . . . . 1 . . . 2 1 . 1 Total Hacks 262 | . 28 . 1 30 72 25 28 7 . 16 27 . 28 Successful 179 | . 15 . 1 15 72 8 14 5 . 7 24 . 18 Failed 82 | . 13 . . 14 . 17 14 2 . 9 3 . 10 Catastrophic 12 | . 2 . . 1 . 3 3 . . 1 1 . 1 Database Lockouts 1 | . . . . 1 . . . . . . . . . Manual 70 | . 16 . . 23 . 9 5 1 . 4 4 . 8 Terminals 118 | . 24 . . 23 . 5 26 7 . 13 2 . 18 Fabricators 13 | . . . . . . 5 . . . . . . 8 Repair Stations 11 | . 2 . . . . 1 2 . . . 6 . . Recycling Units 20 | . 2 . . 7 . 8 . . . . 2 . 1 Scanalyzers 19 | . . . . . . 4 . . . . 15 . . Garrison Access 8 | . . . . . . 2 . . . 3 2 . 1 Terminal Hacks 113 | . 5 . 1 3 72 1 10 5 . 5 . . 11 Record 75 | . . . . . 71 . . 4 . . . . . Part Schematic 3 | . . . . 1 . . 1 . . 1 . . . Robot Schematic 1 | . . . . . . . . . . . . . 1 Robot Analysis 6 | . 2 . . 1 . . 1 . . 2 . . . Prototype ID Bank 3 | . 1 . . . . . 1 . . . . . 1 Open Door 4 | . . . . . . 1 2 1 . . . . . Open DSF 1 | . . . . . . . . . . . . . 1 Branch Access Points 1 | . . . . . . . . . . . . . 1 Terminal Index 1 | . . . . . . . 1 . . . . . . Alert Level 1 | . . . . . . . . . . . . . 1 Locate Traps 7 | . 2 . . . . . 2 . . 1 . . 2 Transport Status 1 | . . . . . . . . . . . . . 1 Hauler Manifests 2 | . . . . . . . . . . 1 . . 1 Registered Prototypes 2 | . . . . 1 . . . . . . . . 1 Zone Layout 3 | . . . . . . . 2 . . . . . 1 Proto ID Catalog 2 | . . . 1 . 1 . . . . . . . . Fabricator Hacks 5 | . . . . . . 1 . . . . . . 4 Network Status 1 | . . . . . . . . . . . . . 1 Load Schematic 2 | . . . . . . . . . . . . . 2 Build 2 | . . . . . . 1 . . . . . . 1 Repair Station Hacks 9 | . 1 . . . . . 2 . . . 6 . . Scan Component 5 | . 1 . . . . . 1 . . . 3 . . Repair 4 | . . . . . . . 1 . . . 3 . . Recycling Unit Hacks . | . . . . . . . . . . . . . . Scanalyzer 16 | . . . . . . 1 . . . . 15 . . Insert Component 7 | . . . . . . 1 . . . . 6 . . Analyze 5 | . . . . . . . . . . . 5 . . Retrieve Study 4 | . . . . . . . . . . . 4 . . Garrison Access Hacks 5 | . . . . . . 1 . . . 2 1 . 1 Seal Access 5 | . . . . . . 1 . . . 2 1 . 1 Unauthorized Hacks 31 | . 9 . . 12 . 4 2 . . . 2 . 2 Terminals 15 | . 7 . . 6 . . 2 . . . . . . Botnet 4 | . 1 . . 1 . . 2 . . . . . . Skim 11 | . 6 . . 5 . . . . . . . . . Fabricators 1 | . . . . . . . . . . . . . 1 Haulers 1 | . . . . . . . . . . . . . 1 Repair Stations . | . . . . . . . . . . . . . . Recycling Units 15 | . 2 . . 6 . 4 . . . . 2 . 1 Tunnel 8 | . 2 . . 6 . . . . . . . . . Fedlink 7 | . . . . . . 4 . . . . 2 . 1 Scanalyzers . | . . . . . . . . . . . . . . Garrison Access . | . . . . . . . . . . . . . . Data Cores Recovered . | . . . . . . . . . . . . . . Used . | . . . . . . . . . . . . . . Hacking Detections 42 | . 7 . . 6 . 9 8 1 . 4 2 . 5 Full Trace Events 9 | . 1 . . . . 3 4 . . . . . 1 Feedback Events 1 | . . . . . . . 1 . . . . . . Corruption 1 | . . . . . . . 1 . . . . . . Feedback Blocked . | . . . . . . . . . . . . . . Robot Schematics Acquired 1 | . . . . . . . . . . . . . 1 Robots Built 2 | . . . . . . 2 . . . . . . . Authchips . | . . . . . . . . . . . . . . Time 152 | . . . . . . 152 . . . . . . . Total Robot Build Rating 10 | . . . . . . 10 . . . . . . . Part Schematics Acquired 7 | . . . . 1 . . 1 . . 1 4 . . Parts Built 1 | . . . . . . . . . . . . . 1 Authchips . | . . . . . . . . . . . . . . Time 25 | . . . . . . . . . . . . . 25 Total Part Build Rating 1 | . . . . . . . . . . . . . 1 Part Studies Acquired 1 | . . . . . . . . . . . 1 . . Parts Repaired 3 | . . . . . . . 1 . . . 2 . . Time 378 | . . . . . . . 136 . . . 242 . . Parts Recycled . | . . . . . . . . . . . . . . Recycled Matter . | . . . . . . . . . . . . . . Retrieved Matter . | . . . . . . . . . . . . . . Retrieved Components . | . . . . . . . . . . . . . . Parts Scanalyzed 5 | . . . . . . 1 . . . . 4 . . Part Schematics Acquired 4 | . . . . . . . . . . . 4 . . Parts Damaged 1 | . . . . . . 1 . . . . . . . Bothacking | -11 -10 -10 -10 -8 -8 -6 -6 -6 -6 -6 -5 -5 -5 ------------ Run | Yrd Mat Min Sub Rec Scr Fac Ext Cet Arc Hub Fac Was Fac Used RIF Installer . | . . . . . . . . . . . . . . Robots Hacked 3 | . . . . . 3 . . . . . . . . Non-combat . | . . . . . . . . . . . . . . Combat 3 | . . . . . 3 . . . . . . . . Robot Hacks Applied 3 | . . . . . 3 . . . . . . . . parse_system 3 | . . . . . 3 . . . . . . . . Relay Couplers Released . | . . . . . . . . . . . . . . Fabnet Peak Effective % . | . . . . . . . . . . . . . . Robots Rewired 15 | . . . . . . . 15 . . . . . . Allies Hacked 3 | . . . . . . . . . . . . . 3 Hacks Repelled . | . . . . . . . . . . . . . . Allies | -11 -10 -10 -10 -8 -8 -6 -6 -6 -6 -6 -5 -5 -5 -------- Run | Yrd Mat Min Sub Rec Scr Fac Ext Cet Arc Hub Fac Was Fac Total Allies 47 | . . . . . 1 2 19 5 . 1 . 19 . Largest Group 18 | . . . . . 1 3 11 13 13 10 . 18 3 Highest-Rated Group 846 | . . . . . 66 148 464 846 846 572 . 638 77 Highest-Rated Ally 159 | . . . . . 66 66 159 153 153 96 . 50 27 Total Orders 3 | . . . . . 1 . . . . 2 . . . STAY 2 | . . . . . 1 . . . . 1 . . . EXPLORE 1 | . . . . . . . . . . 1 . . . Ally Attacks 408 | . . . . . . 48 102 38 30 79 . 105 6 Total Damage 12368 | . . . . . . 1565 2162 1207 770 3048 . 3543 73 Kills 70 | . . . . . . 11 20 10 2 18 . 9 . Allies Corrupted 12 | . . . . . . . . . . 1 . 10 1 Allies Melted 1 | . . . . . . 1 . . . . . . . Intel | -11 -10 -10 -10 -8 -8 -6 -6 -6 -6 -6 -5 -5 -5 ------- Run | Yrd Mat Min Sub Rec Scr Fac Ext Cet Arc Hub Fac Was Fac Active Infowar (turns) 7369 | . 733 479 363 820 2156 893 1350 . . 9 554 . 12 Sensors 2 | . . . 2 . . . . . . . . . . Structural 3233 | . . . 100 728 2156 . 229 . . 7 1 . 12 Traps 575 | . . . . . . 575 . . . . . . . Seismic 4012 | . 733 479 261 . . 867 1121 . . . 551 . . T.N.C. 2 | . . . . . . . . . . 2 . . . Jamming 5 | . . . . . . . . . . . 5 . . ECM 457 | . . . . 92 . 23 . . . . 342 . . Robot Analysis Total 6 | . 2 . . 1 . . 1 . . 2 . . . Derelict Logs Recovered 7 | . . 1 1 . 5 . . . . . . . . Drone Launches 2 | . . . . . . . . . . 2 . . . Drone Recoveries . | . . . . . . . . . . . . . . Exploration | -11 -10 -10 -10 -8 -8 -6 -6 -6 -6 -6 -5 -5 -5 ------------- Run | Yrd Mat Min Sub Rec Scr Fac Ext Cet Arc Hub Fac Was Fac Turns Passed 20365 | 41 1619 983 3142 820 5060 1368 2450 324 480 1003 1394 499 1182 Spaces Moved 11439 | 49 814 589 1609 548 3255 811 1362 181 235 545 608 269 564 Core 425 | 49 59 . . . 308 . . . . . 9 . . Treads 3060 | . 755 589 1100 . 2 49 . . . . . 116 449 Legs 3636 | . . . . . . 613 1314 181 235 545 595 153 . Wheels 4203 | . . . 509 548 2945 149 48 . . . 4 . . Hover 115 | . . . . . . . . . . . . . 115 Flight . | . . . . . . . . . . . . . . Fastest Speed 48 | 50 50 160 135 135 50 120 120 120 120 106 50 113 48 Average Speed 141 | 50 155 160 162 135 148 125 123 120 120 122 110 169 142 Slowest Speed 480 | 50 160 160 320 135 480 260 190 120 120 190 250 240 240 Overloaded Moves . | . . . . . . . . . . . . . . Propulsion Burnouts . | . . . . . . . . . . . . . . Robots Hopped . | . . . . . . . . . . . . . . Potential Cave-ins . | . . . . . . . . . . . . . . Cave-ins Triggered . | . . . . . . . . . . . . . . Exploration Rate (%) 64 | 3 99 100 54 90 94 18 98 77 90 47 18 97 17 Regions Visited 13 Branch Regions 8 Pre-discovered Areas 17 | . 3 . 1 6 6 1 . . . . . . . Known Exits Taken 3 | . . . . 1 . 1 . . . 1 . . . Unknown Exits Taken 8 | 1 1 1 1 . 1 . 1 1 1 . . . . Scrap Searched 18 | . . 1 11 . 6 . . . . . . . . Spaces Dug 104 | . 19 2 15 4 . . 44 . . 12 6 1 1 Terrain Destroyed 756 | . 54 14 18 4 . 1 153 . 28 406 31 1 46 Melee 39 | . 2 2 13 4 . . 9 . . 1 6 1 1 Projectile 117 | . . . 5 . . . . . 28 37 2 . 45 AOE 600 | . 52 12 . . . 1 144 . . 368 23 . . Terrain Rammed . | . . . . . . . . . . . . . . Walls Destroyed . | . . . . . . . . . . . . . . Machines Disabled . | . . . . . . . . . . . . . . Actions | -11 -10 -10 -10 -8 -8 -6 -6 -6 -6 -6 -5 -5 -5 --------- Run | Yrd Mat Min Sub Rec Scr Fac Ext Cet Arc Hub Fac Was Fac Total 14430 | 57 1057 619 1953 616 3512 1054 1965 265 324 770 1114 304 820 Wait 1289 | . 142 14 92 31 100 64 338 46 17 74 267 6 98 Move 11427 | 48 813 588 1608 547 3254 810 1361 180 234 544 608 268 564 Hop . | . . . . . . . . . . . . . . Pick Up 306 | 2 15 1 61 6 92 26 13 5 4 18 32 3 28 Fast Attach 118 | 4 3 2 6 2 4 14 18 6 3 15 27 7 7 Attach 81 | . 1 . 4 . 6 10 7 1 2 12 20 4 14 Detach 24 | . . 1 . . . 2 . . . 5 13 3 . Swap 134 | . 12 6 22 3 3 22 21 4 3 15 12 1 10 Drop 259 | . 5 2 46 8 50 34 17 11 6 28 22 7 23 Fire 386 | 3 63 3 47 . . 21 20 12 55 58 31 . 73 Melee 316 | . 3 2 55 19 3 50 93 . . 1 82 5 3 Ram . | . . . . . . . . . . . . . . Kick . | . . . . . . . . . . . . . . Crush . | . . . . . . . . . . . . . . Escape Stasis . | . . . . . . . . . . . . . . Rewire 77 | . . . . . . . 77 . . . . . . Trap 4 | . . . 3 . . 1 . . . . . . . Miscellaneous 9 | . . . 9 . . . . . . . . . . Route ------- -11/Scrapyard -10/Materials (discovered 6 exits: [*Mat x3] / [*Min x2] / *Sub) -10/Mines (discovered 3 exits: [*Mat x2] / *Sub) -10/Subcaves (discovered 2 exits: [*Mat] / *Rec) -8/Recycling (discovered 2 exits: *Fac / *Scr) -8/Scraptown (discovered 2 exits: *Fac x2) -6/Factory (discovered 8 exits: *Fac x4 / Low x2 / *Ext x2) -6/Extension (discovered 3 exits: *Fac x2 / *Cet) -6/Cetus (discovered 2 exits: *Fac / [*Arc]) -6/Archives (discovered 3 exits: *Fac / *Hub x2) -6/Hub_04(d) -5/Factory (discovered 6 exits: *Fac x4 / Upp x2) -5/Waste -5/Factory (discovered 2 exits: Upp x2) History --------- Turn | Location | Event 5 | -11/Scrapyard | Discovered new exit (range 15) 42 | -11/Scrapyard | Entered Materials 234 | -10/Materials | Discovered new exit (range 8) 311 | -10/Materials | Build established: Mutant 422 | -10/Materials | Discovered new exit (range 14) 494 | -10/Materials | Discovered new exit (range 8) 676 | -10/Materials | Discovered new exit (range 16) 1260 | -10/Materials | Learned 2 Mines zone layouts 1293 | -10/Materials | Discovered new exit (range 6) 1326 | -10/Materials | Learned 2 Storage zone layouts 1382 | -10/Materials | Learned 4 Recycling zone layouts 1415 | -10/Materials | Discovered new exit (range 16) 1466 | -10/Materials | Learned 4 Recycling zone layouts 1516 | -10/Materials | Learned 4 Recycling zone layouts 1576 | -10/Materials | Learned location of 2 exits from Materials 1661 | -10/Materials | Entered Mines 1698 | -10/Mines | Found a damaged Exp. Sensor Array with a note attached 1702 | -10/Mines | Found Prototype Device 1702 | -10/Mines | Identified Exp. Sensor Array 1724 | -10/Mines | Assembled infested the area 1729 | -10/Mines | Assisted by a Guerilla fighting off Assembled 1739 | -10/Mines | Found a Scrap Suit stashed away for nefarious purposes 2225 | -10/Mines | Learned 2 Materials zone layouts 2467 | -10/Mines | Discovered new exit (range 9) 2484 | -10/Mines | Discovered new exit (range 9) 2485 | -10/Mines | Met a Derelict testing a Signal Generator 2496 | -10/Mines | Found Signal Generator 2634 | -10/Mines | Discovered new exit (range 5) 2644 | -10/Mines | Entered Subcaves 2741 | -10/Subcaves | Disturbed a concealed Subdweller 3190 | -10/Subcaves | Ambushed by Subdwellers from Twisted Machinery 3212 | -10/Subcaves | Build established: Subdweller-Mutant 3570 | -10/Subcaves | Discovered new exit (range 10) 3743 | -10/Subcaves | Discovered new exit (range 11) 3915 | -10/Subcaves | Build established: Mutant 3961 | -10/Subcaves | Visited 4L-MR0's lab 3980 | -10/Subcaves | Found Meta Core 4079 | -10/Subcaves | Shifting Twisted Machinery released Barrage Gun 4084 | -10/Subcaves | Shifting Twisted Machinery released Sub. Machine Gun 4311 | -10/Subcaves | Shifting Twisted Machinery released Shrapnel Trap 4545 | -10/Subcaves | Core integrity fell below 50% 4736 | -10/Subcaves | Build established: Subdweller-Mutant 4898 | -10/Subcaves | Shifting Twisted Machinery released Battle Cannon 4901 | -10/Subcaves | Shifting Twisted Machinery released Battle Cannon 5354 | -10/Subcaves | Build established: Mutant 5786 | -10/Subcaves | Entered Recycling 5787 | -8/Recycling | Identified exit to Scraptown 6078 | -8/Recycling | Discovered new exit (range 7) 6371 | -8/Recycling | Learned location of 3 exits from Factory 6395 | -8/Recycling | Learned location of 2 exits from Factory 6439 | -8/Recycling | Learned location of 1 exit from Storage 6468 | -8/Recycling | Learned location of 2 exits from Lower Caves 6508 | -8/Recycling | Learned location of 2 exits from Factory 6569 | -8/Recycling | Scanned before Scraplab entrance 6606 | -8/Recycling | Entered Scraptown 6606 | -8/Scraptown | System corruption cleaned by C-Scrubber 6929 | -8/Scraptown | Discovered new exit (range 13) 6948 | -8/Scraptown | Scanned Subdweller tech in exchange for log data 6952 | -8/Scraptown | Learned Factory trap positions 6953 | -8/Scraptown | Learned 12 Research zone layouts 6956 | -8/Scraptown | Learned Research stockpile data 7105 | -8/Scraptown | Visited Cyclists 7149 | -8/Scraptown | Visited Junk Repository 7173 | -8/Scraptown | Visited CR-KLE's Repair Center 7199 | -8/Scraptown | Visited UFD Registry 7199 | -8/Scraptown | Registered with UFD as "Protohacker" 7227 | -8/Scraptown | Visited Junk Repository 7257 | -8/Scraptown | Visited The Evicted 7341 | -8/Scraptown | Visited Comm Corps 7400 | -8/Scraptown | Visited CPS Storage 7658 | -8/Scraptown | Entered Cyclist Reading Room 8028 | -8/Scraptown | Visited Cartography Club 8057 | -8/Scraptown | Visited Derelict Rescue Squad 8097 | -8/Scraptown | Visited Chapter 10 8150 | -8/Scraptown | Visited Curators Association 8204 | -8/Scraptown | Visited Infowarlord's Domain 8224 | -8/Scraptown | Visited Abandonware Association 8234 | -8/Scraptown | Learned abandonware demo "OVRCLOCK.EXE" 8243 | -8/Scraptown | Learned abandonware demo "ERRANTS.EXE" 8288 | -8/Scraptown | Visited Scrapoid Research Area 8354 | -8/Scraptown | Delivered Scrap Shield to a Scientist 8477 | -8/Scraptown | Visited Scrap Suit Storage 8529 | -8/Scraptown | Visited Botcube Research 8562 | -8/Scraptown | Visited Science Guys 8695 | -8/Scraptown | Learned location of Armory (-4) 8695 | -8/Scraptown | Learned 8 Research zone layouts 8695 | -8/Scraptown | Learned 4 Storage zone layouts 8695 | -8/Scraptown | Learned 4 Recycling zone layouts 8695 | -8/Scraptown | Learned 20 Lower Caves zone layouts 8695 | -8/Scraptown | Learned 20 Upper Caves zone layouts 8695 | -8/Scraptown | Learned Storage emergency access door positions 8695 | -8/Scraptown | Learned location of 1 exit from Factory 8695 | -8/Scraptown | Learned location of 2 exits from Factory 8695 | -8/Scraptown | Learned location of 2 exits from Research 8700 | -8/Scraptown | Found Deep Structural Scanner 8735 | -8/Scraptown | Discovered new exit (range 12) 8818 | -8/Scraptown | Found Botcube 9317 | -8/Scraptown | Build established: Hauler-Mutant 9392 | -8/Scraptown | Attached Meta Core, gained temporary slots: Propulsion, Utility, Weapon 10597 | -8/Scraptown | Botcube activated 10619 | -8/Scraptown | Botcube completed mutation into treaded form, armed with 2 guns. 10879 | -8/Scraptown | Found Exp. Terrain Scanner 11312 | -8/Scraptown | Build established: Mutant 11347 | -8/Scraptown | Found DRS Beacon 11585 | -8/Scraptown | Met Optimus 11585 | -8/Scraptown | Accepted into 0bPrime 11666 | -8/Scraptown | Entered Factory 11666 | -6/Factory | Accompanied by 1 ally 11666 | -6/Factory | Evolved 8 slots: Propulsion x3, Utility x5 11667 | -6/Factory | Identified exit to Lower Caves 11667 | -6/Factory | Identified exit to Extension 11668 | -6/Factory | Identified exit to Factory 11669 | -6/Factory | Loaded intel: 75 trap records 11676 | -6/Factory | Loaded intel: 8 recycling unit locations 11802 | -6/Factory | Garrison activated, responded to threat 11840 | -6/Factory | Fabricated H-66 Slayer? 12244 | -6/Factory | Learned location of Protoforge (-3) 12414 | -6/Factory | Found Botcube 12577 | -6/Factory | Build established: Scavenger-Mutant 12979 | -6/Factory | Build established: Mutant 13034 | -6/Factory | Entered Extension 13051 | -6/Extension | Disrupted transfer network 13195 | -6/Extension | Lost 4 parts (1n1u2w) 13508 | -6/Extension | Rescued a captive Derelict 13526 | -6/Extension | Spotted B-75 Beast 13541 | -6/Extension | Lost 3 allies 13929 | -6/Extension | Destroyed B-75 Beast 13963 | -6/Extension | Spotted B-75 Beast 14096 | -6/Extension | Destroyed B-75 Beast 14116 | -6/Extension | Lost 5 parts (2n2u1w) 14297 | -6/Extension | Rescued A7 14547 | -6/Extension | Repaired Faulty Exp. Sensor Array 14670 | -6/Extension | Build established: Gladiator 14702 | -6/Extension | Energy Cycler disabled 14702 | -6/Extension | Rescued a captive Derelict 14703 | -6/Extension | Rescued a captive Derelict 14703 | -6/Extension | Rescued a captive Derelict 14706 | -6/Extension | Rescued a captive Derelict 14706 | -6/Extension | Rescued a captive Derelict 14713 | -6/Extension | Rescued a captive Derelict 14784 | -6/Extension | First assault squad dispatched 14953 | -6/Extension | Discovered exit to Factory (range 10) 14955 | -6/Extension | Discovered new exit (range 6) 15047 | -6/Extension | Build established: Commander-Gladiator 15084 | -6/Extension | Discovered exit to Factory (range 15) 15484 | -6/Extension | Entered Cetus 15484 | -6/Cetus | Accompanied by 10 allies (A7) 15489 | -6/Cetus | Acquired a Cetus Manufacturing Module code from A7 15506 | -6/Cetus | Spotted Cetus Guard 15506 | -6/Cetus | Spotted Cetus Guard 15510 | -6/Cetus | Spotted Cetus Guard 15510 | -6/Cetus | Allies destroyed Cetus Guard 15514 | -6/Cetus | Spotted Cetus Guard 15516 | -6/Cetus | Allies destroyed Cetus Guard 15523 | -6/Cetus | Allies destroyed Cetus Guard 15531 | -6/Cetus | Allies destroyed Cetus Guard 15631 | -6/Cetus | Started Cetus Manufacturing Module 15649 | -6/Cetus | Escorted A7 to Cetus Mainframe 15656 | -6/Cetus | Manufactured an Enhanced Grunt 15671 | -6/Cetus | Discovered new exit (range 15) 15681 | -6/Cetus | Manufactured an Enhanced Grunt 15695 | -6/Cetus | Spotted Cetus Guard 15696 | -6/Cetus | Spotted Cetus Guard 15702 | -6/Cetus | Spotted Cetus Guard 15704 | -6/Cetus | Allies destroyed Cetus Guard 15704 | -6/Cetus | Spotted Cetus Guard 15706 | -6/Cetus | Manufactured an Enhanced Grunt 15708 | -6/Cetus | Allies destroyed Cetus Guard 15708 | -6/Cetus | Destroyed Cetus Guard 15714 | -6/Cetus | Allies destroyed Cetus Guard 15721 | -6/Cetus | Discovered exit to Factory (range 15) 15727 | -6/Cetus | Met Revision 17 15731 | -6/Cetus | Manufactured an Enhanced Grunt 15756 | -6/Cetus | Manufactured an Enhanced Grunt 15793 | -6/Cetus | Build established: Commander-Mutant 15808 | -6/Cetus | Entered Archives 15808 | -6/Archives | Accompanied by 13 allies (A7) 15813 | -6/Archives | Received a hacking code to weaken MAIN.C 15873 | -6/Archives | Found Prototype Device 15873 | -6/Archives | Identified Exp. Thermal Shield 15909 | -6/Archives | Discovered new exit (range 15) 15990 | -6/Archives | Discovered exit to Factory (range 14) 16043 | -6/Archives | Discovered new exit (range 15) 16219 | -6/Archives | Build established: Scavenger-Mutant 16288 | -6/Archives | Entered Hub_04(d) 16288 | -6/Hub_04(d) | Accompanied by 10 allies 16445 | -6/Hub_04(d) | Lost 3 allies 16621 | -6/Hub_04(d) | Discovered exit to Factory (range 8) 16770 | -6/Hub_04(d) | Build established: Hacker-Mutant 16843 | -6/Hub_04(d) | Network Hub disabled 16844 | -6/Hub_04(d) | Core integrity fell below 50% 16855 | -6/Hub_04(d) | Spotted Lightning 16855 | -6/Hub_04(d) | Spotted Lightning 16855 | -6/Hub_04(d) | Spotted Lightning 16879 | -6/Hub_04(d) | Attached CPS modules to Lightning. 16885 | -6/Hub_04(d) | Lost 5 allies 16885 | -6/Hub_04(d) | Destroyed Lightning 16904 | -6/Hub_04(d) | Destroyed Lightning 16906 | -6/Hub_04(d) | System corruption reached 10% 16923 | -6/Hub_04(d) | Destroyed Lightning 16929 | -6/Hub_04(d) | Found Prototype Device 16929 | -6/Hub_04(d) | Identified Exp. Phase Shifter 16936 | -6/Hub_04(d) | Found Prototype Processor 16936 | -6/Hub_04(d) | Identified Exp. Targeting Computer 16945 | -6/Hub_04(d) | Found Prototype Device 16945 | -6/Hub_04(d) | Identified Exp. EM Shield 16963 | -6/Hub_04(d) | Found Prototype Energy Cannon 16963 | -6/Hub_04(d) | Identified EMDS 17014 | -6/Hub_04(d) | Botcube activated 17032 | -6/Hub_04(d) | Botcube completed mutation into legged form, armed with 2 guns. 17170 | -6/Hub_04(d) | Spotted Lightning 17198 | -6/Hub_04(d) | Core integrity fell below 20% 17213 | -6/Hub_04(d) | Build established: Scavenger-Mutant 17239 | -6/Hub_04(d) | Spotted Lightning 17243 | -6/Hub_04(d) | Network Hub disabled 17243 | -6/Hub_04(d) | Spotted Lightning 17244 | -6/Hub_04(d) | System corruption reached 30% 17247 | -6/Hub_04(d) | Spotted Lightning 17291 | -6/Hub_04(d) | Entered Factory 17291 | -5/Factory | Evolved 2 slots: Power x1, Utility x1 17292 | -5/Factory | Identified exit to Factory 17292 | -5/Factory | Identified exit to Upper Caves 17429 | -5/Factory | Loaded intel: 8 recycling unit locations 17504 | -5/Factory | Garrison activated, responded to threat 17605 | -5/Factory | Found Powered Armor 17607 | -5/Factory | Found Powered Armor 17610 | -5/Factory | Found Powered Armor 17612 | -5/Factory | Found Powered Armor 17728 | -5/Factory | Repaired Hcp. Storage Unit 17899 | -5/Factory | Lost 3 parts (3u) 17949 | -5/Factory | Cargo convoy interrupted 17973 | -5/Factory | Spotted B-75 Beast 18176 | -5/Factory | Repaired Enh. Biometal Leg 18385 | -5/Factory | Lost 3 parts (1p1n1u) 18491 | -5/Factory | First assault squad dispatched 18508 | -5/Factory | Build established: Hacker-Mutant 18526 | -5/Factory | Lost 3 parts (1p2n) 18665 | -5/Factory | Core integrity fell below 50% 18685 | -5/Factory | Sucked down chute 18685 | -5/Factory | Entered Waste 18686 | -5/Waste | Met a frightened Derelict 18700 | -5/Waste | EMP discharged 18700 | -5/Waste | System corruption reached 10% 18715 | -5/Waste | Lost 5 parts (1p2n2u) 18717 | -5/Waste | Spotted C-40 Crusher 18762 | -5/Waste | Spotted C-40 Crusher 18786 | -5/Waste | Met Warlord forces unprepared to attack 18800 | -5/Waste | EMP discharged 18869 | -5/Waste | Spotted C-40 Crusher 18874 | -5/Waste | Allies destroyed C-40 Crusher 18888 | -5/Waste | Spotted C-40 Crusher 18892 | -5/Waste | Allies destroyed C-40 Crusher 18893 | -5/Waste | Found Damper Plating 18900 | -5/Waste | EMP discharged 18925 | -5/Waste | Build established: Scavenger-Mutant 18930 | -5/Waste | Spotted C-40 Crusher 18938 | -5/Waste | Allies destroyed C-40 Crusher 19000 | -5/Waste | EMP discharged 19100 | -5/Waste | EMP discharged 19134 | -5/Waste | Lost 8 allies 19146 | -5/Waste | Discovered new exit (range 12) 19184 | -5/Waste | Entered Factory 19184 | -5/Factory | Accompanied by 3 allies 19190 | -5/Factory | Identified exit to DSF 19229 | -5/Factory | Found Powered Armor 19303 | -5/Factory | Fabricated Hcp. Storage Unit (x1) 19354 | -5/Factory | Found Powered Armor 19897 | -5/Factory | Loaded intel: 8 recycling unit locations 20281 | -5/Factory | Core integrity fell below 20% 20348 | -5/Factory | Build established: Hacker-Mutant 20363 | -5/Factory | Lost 11 parts (2p4n2u3w) 20366 | -5/Factory | Destroyed by S-27 Virus with Autogun Last Messages --------------- Found 3 traps in 2 arrays: 2x Ambush Trap 1x Shock Trap Map updated. >>Schematic(Y-54 Guardian) Downloading schematic... Y-54 Guardian Tier: 4 Schematic downloaded. >>Layout(Zone) Retrieving Zone 7E layout... Downloaded map data. >>Enumerate(Transport) Retrieving latest reported positions... Found 10 active transport squads. Downloaded coordinate data. 20350_ System corrupted: Matter fused (-8). 20356_ ALERT: Potential suspicious activity detected, Programmers report to Factory Zone 5H. 20365_ System corrupted: Gravmag Array rejected. 20365_ Acquired Gravmag Array. Map ----- +----------------------------------------------------+ | ????????????????????????????????????????????????? | | ????????????????????????????????????????????????? | | ????????????????????????????????????????????????? | | ????????????????????????????????????????????????? | | ????????????????????????????????????????????????? | | ????????????????????????????????????????????????? | | ????????????????????????????????????????????????? | | ????????????????????????????????????????????????? | | ????????????????????????????????????????????????? | | ????????????????????????????????????????????????? | | ????????????????????????????????????????????????? | | ????????????????????????+???????????????????????? | | ???????????????????????? ???????????????????????? | | ???????????????????????? ???????????????????????? | | ???????????????????????? ???????????????????????? | | ???????????????????????? ???????????????????????? | | ???????????????????????? ???????????????????????? | | ???????????????????????# #??????????????????????? | | ???????????????????????# #??????????????????????? | | ???????????????????????# #??????????????????????? | | ?????????????????#?????# #??????????????????????? | | ?????????????????# ???# #??????????????????????? | | ?????????????????? ??# #??????????????????????? | | ???????????????????? ## #########??????????????? | | ?????????????????????? ???????????????? | | ???????????????????????#@ #????????????????????? | | ???????????????????????# #????????????????????? | | ???????????????????????# #????????????????????? | | ???????????????????????# #????????????????????? | | ???????????????????????# #????????????????????? | | ???????????????????????# #????????????????????? | | ???????????????????????# #????????????????????? | | ?????????########## #??# #?????????###????????? | | ??????????????????# ####+# #############????????? | | ??????????????????# # # # """"" """""????????? | | ?????????#######??# # #s# """"" """""????????? | | ????????? #??#^# # # """ """ ????????? | | ?????????" #??#^# # # ????????? | | ?????????" #### # # # ????????? | | ?????????" + + # # ????????? | | ?????????" ## # # ####+###+####????????? | | ?????????" ## # # #??# ????????? | | ?????????" ## # # #??# ????????? | | ????????? ## ###### ##?# ????????? | | ?????????######## #?# ##????????? | | ????????? #?????# #?# # ????????? | | ????????? #?????# "" #?# # ????????? | | ????????? #?????# T" #?# # ????????? | | ????????? #?????# "" #?# + ????????? | | ?????????######## #?# # ????????? | +----------------------------------------------------+ Best States ------------- Heat Dissipation 40 Energy Generation 39 Energy Capacity 700 Matter Stores 300 Matter Capacity 300 Sight Range 16 Terrain Scan Density 10 ECM Strength 2 Jamming Range 14 EM Shielding 2 Corruption Containment 8 Armor Coverage 4000 Resistance: KI 30 Resistance: TH 30 Resistance: EM 90 Melee Speed Boost 30 Phase Shifting 20 Evasion (%) 75 Targeting Accuracy 12 Melee Accuracy 8 Target Analysis 6 Core Analysis 6 Armor Integrity Analysis 30 Recoil Reduction 4 Offensive Hacking 36 Defensive Hacking 14 Item Schematics ----------------- Hcp. Storage Unit | -8/Recycling | Hacked Thunder Leg | -6/Extension | Hacked Arm. Leg | -6/Hub_04(d) | Hacked ECM Suite | -5/Factory | Scanalyzed Seismic Detector | -5/Factory | Scanalyzed Multitool | -5/Factory | Scanalyzed Exp. Terrain Scanner | -5/Factory | Scanalyzed Robot Schematics ------------------ Y-54 Guardian | -5/Factory | Hacked Fabricated ------------ H-66 Slayer | x2 | -6/Factory | Preloaded Hcp. Storage Unit | x1 | -5/Factory Repaired ---------- Exp. Sensor Array | 62% | -6/Extension | Broken Hcp. Storage Unit | 1% | -5/Factory Enh. Biometal Leg | 6% | -5/Factory Studied --------- Arm. Leg | -5/Factory | Hacked Alien Tech Used ----------------- None Achievements -------------- Close Call Explosive Keycard Frankenstein My Command Is Your Wish Network Effect Resistances Are Futile Challenges ------------ None Game ------ Seed WeaponsBattleCarapace Manual? 0 Play Time 03:11:26 Cumulative 17.7 hours Start 2025.10.23 @ 17:32:58 End 2025.10.23 @ 22:54:39 Sessions 5 Manual Loads 0 Difficulty Rogue Special Mode None Game No. 8 Rogue 8 Adventurer 0 Explorer 0 Win Type - Total 0 Types 0/0/0/0/0/0/0/0/0/0 Lore% 38 Gallery% 31 Achievement% 35 Wizard Run 0 Options --------- Layout 0 ASCII 0 Keyboard 0 Movement Mouse Keybinds 0 Fullscreen 1 Font 24/Smallcaps Map View 183x50 Zoom Use 0% Tactical HUD 1 Map Filters NONE Filters NONE Steam 1 RUN: cd6c350d-0cee-4508-8b86-1e93024d8de3